 Dungeon Crawl Stone Soup version 0.29.1-1-gd02db6906a (webtiles) character file.

Game seed: 10690571732075806155

9355 tardwrangler69 the Grappler (level 11, -3/100 HPs)
             Began as a Ghoul Warper on Oct 11, 2022.
             Was a Priest of Makhleb.
             Slain by an orc warrior
             ... wielding a +0 battleaxe
              (20 damage)
             ... on level 10 of the Dungeon.
             The game lasted 00:14:21 (13183 turns).

tardwrangler69 the Grappler (Ghoul Warper)         Turns: 13183, Time: 00:14:21

Health: -3/100     AC:  6    Str: 20    XL:     11   Next: 45%
Magic:  20/20      EV: 12    Int: 22    God:    Makhleb [***...]
Gold:   517        SH:  0    Dex: 12    Spells: 11/24 levels left

rFire   . . .      SeeInvis .     - Unarmed
rCold   + . .      Faith    .   (no shield)
rNeg    + + +      Spirit   .   o - +4 robe of Augmentation {Str+4 Int+4 Dex+4}
rPois   ∞          Reflect  .   (no helmet)
rElec   .          Harm     .   (no cloak)
rCorr   .          Rampage  .   (no gloves)
Will    .....                   (no boots)
Stlth   +.........              (no amulet)
HPRegen 0.00/turn               s - +6 ring of intelligence
MPRegen 0.17/turn               (no ring)

@: about to teleport, inhibited regen, slowed, very slow
A: claws 1, cold resistance 1, negative energy resistance 3, inhibited
regeneration, torment resistance 2, devour on kill
a: Renounce Religion, Minor Destruction, Lesser Servant of Makhleb


You were on level 10 of the Dungeon.
You worshipped Makhleb.
Makhleb was most pleased with you.
You visited 3 branches of the dungeon, and saw 12 of its levels.

You collected 573 gold pieces.
You spent 56 gold pieces at shops.

Inventory:

Hand Weapons
 l - a +1 vorpal sling
Missiles
 c - 7 boomerangs of dispersal (quivered)
 q - a throwing net
 u - 12 silver boomerangs
 v - 9 boomerangs
 w - 2 curare-tipped darts
 x - 7 poisoned darts
 y - 11 javelins
Armour
 o - the +4 robe of Augmentation (worn) {Str+4 Int+4 Dex+4}
   (You found it on level 2 of the Dungeon)

   Str:       It affects your strength (+4).
   Int:       It affects your intelligence (+4).
   Dex:       It affects your dexterity (+4).
Jewellery
 b - a ring of ice
 s - a +6 ring of intelligence (left claw)
 F - a ring of magical power
Wands
 H - a wand of flame (12)
 J - a wand of acid (10)
 M - a wand of charming (4)
Scrolls
 a - a scroll of poison {unknown}
 d - 12 scrolls of identify {unknown}
 e - 7 scrolls of teleportation
 g - a scroll of butterflies {unknown}
 h - 2 scrolls of vulnerability {unknown}
 k - a scroll of immolation {unknown}
 n - 3 scrolls of noise {unknown}
 p - a scroll of brand weapon {unknown}
 t - 4 scrolls of magic mapping {unknown}
 D - a scroll of acquirement {unknown}
 I - 2 scrolls of enchant armour {unknown}
 K - a scroll of amnesia {unknown}
 L - a scroll of summoning {unknown}
Potions
 f - 6 potions of curing {unknown}
 i - a potion of lignification {unknown}
 j - a potion of attraction {unknown}
 m - 2 potions of resistance {unknown}
 r - 2 potions of heal wounds {unknown}
 z - 3 potions of cancellation {unknown}
 A - a potion of brilliance {unknown}
 B - 3 potions of degeneration {unknown}
 C - 3 potions of mutation {unknown}
 E - 3 potions of haste {unknown}
 G - a potion of ambrosia


   Skills:
 + Level 10.2 Fighting
 - Level 0.8 Throwing
 - Level 0.8 Armour
 - Level 1.7 Dodging
 - Level 11.1 Unarmed Combat
 * Level 7.0 Spellcasting
 * Level 8.0 Translocations


You had 11 spell levels left.
You knew the following spells:

 Your Spells              Type           Power      Damage    Failure   Level
a - Blink                 Tloc           84%        N/A       1%          2
b - Lesser Beckoning      Tloc           42%        N/A       1%          3
c - Teleport Other        Tloc           42%        N/A       1%          3
d - Manifold Assault      Tloc           42%        N/A       9%          5

Your spell library contained the following spells:

 Spells                   Type           Power      Damage    Failure   Level
 Gell's Gravitas          Tloc           42%        N/A       1%          3
 Magic Dart               Conj           28%        1d4       9%          1
 Searing Ray              Conj           14%        2d5       12%         2
 Stone Arrow              Conj/Erth      14%        3d7       24%         3
 Summon Forest            Summ/Tloc      12%        N/A       41%         5
 Animate Armour           Summ/Erth      14%        N/A       63%         4
 Fulminant Prism          Conj/Hex       3%         3d6       63%         4
 Petrify                  Tmut/Erth      7%         N/A       63%         4
 Irradiate                Conj/Tmut      3%         3d12      92%         5
 Summon Mana Viper        Hex/Summ       7%         N/A       92%         5
 Summon Cactus Giant      Summ           3%         N/A       100%        6
 Lehudib's Crystal Spear  Conj/Erth      3%         10d3      100%        8
 Sublimation of Blood     Necr           Unusable   N/A       N/A         2

Dungeon Overview and Level Annotations

Branches:
Dungeon (10/15)            Temple (1/1) D:6             Orc (1/2) D:10
   Lair: D:8-11

Altars:
Ashenzari
Cheibriados
Dithmenos
Gozag
Hepliaklqana
Kikubaaqudgha
Makhleb
Nemelex Xobeh
Okawaru
Qazlal
Ru
Sif Muna
Trog
Uskayaw
Wu Jian
Xom
Yredelemnul

Shops:
D:1 !   D:4 (

Annotations:
D:3 2 runed translucent doors
D:5 2 transporters, CougarLife's ghost, amateur MiFi
D:7 exclusion: 3 doors
Orc:1 Josephine


Innate Abilities, Weirdness & Mutations

You are immune to poison.
You have sharp fingernails.
Your flesh is cold resistant. (rC+)
You are immune to negative energy. (rN+++)
You do not regenerate when monsters are visible.
You are immune to unholy pain and torment.
You thrive by killing the living.


Message History

The wraith closely misses you.
The orc warrior hits you with a +0 battleaxe!
You claw the wraith!
The wraith is heavily damaged.
The wraith closely misses you. The orc warrior completely misses you.
The wraith closely misses you. The orc warrior barely misses you.
You closely miss the wraith.
The wraith is heavily damaged.
The wraith hits you! The orc warrior barely misses you.
You barely miss the wraith.
The wraith is heavily damaged.
The wraith misses you. The orc warrior closely misses you.
You scratch the wraith but do no damage.
The wraith is heavily damaged.
The wraith hits you. The wraith drains your vigour!
You feel as though you will be slow longer.
The orc warrior hits you with a +0 battleaxe!!
You scratch the orc warrior.
The orc warrior is moderately wounded.
The wraith closely misses you. The orc warrior closely misses you.
You scratch the orc warrior but do no damage.
The orc warrior is moderately wounded.
The wraith hits you but does no damage.
The orc warrior hits you with a +0 battleaxe!
* * * LOW HITPOINT WARNING * * *
The wraith hits you.
* * * LOW HITPOINT WARNING * * *
The wraith closely misses you. The orc warrior completely misses you.
The wraith hits you.
* * * LOW HITPOINT WARNING * * *
The wraith drains your vigour!
You feel as though you will be slow longer.
The orc warrior hits you with a +0 battleaxe.
* * * LOW HITPOINT WARNING * * *
Okay, then.
As you read the scroll labelled DESATO YCEHU, it crumbles to dust.
You feel strangely unstable.
It was a scroll of teleportation.
The wraith closely misses you.
The orc warrior hits you with a +0 battleaxe!!
You die...

#.......# ##..# ##
#(####.####...#### ##.
#....^.#....8....# #.#
######.#.........# #..
#######....#.........# #.#
#........#.#.........## #..
#........##...........######.#
#........##.................>.
#...........8@W.>...8........#
#........##...o........######.
#........##................###
############.........#.....##.
#.........#.....###
#.........########.
#....8....#.......#
####...#####.####..
##.......)# ###


You could see a wraith and an orc warrior.

Vanquished Creatures
  Fannar (D:10)
  A two-headed ogre (D:9)
  Maggie (D:7)
  A gargoyle (D:10)
  A komodo dragon (D:10)
  Sigmund (D:6)
  2 shadows (D:10)
  2 wyverns (D:9)
  A wraith (D:9)
  16 yaks
  2 vampire mosquitoes (D:10)
  2 steam dragons
  Edmund (D:6)
  A two-headed ogre zombie (D:10)
  4 water moccasins
  2 ice beasts
  2 orc warriors
  A sky beast (D:6)
  3 black bears
  2 ogres (D:5)
  2 centaurs
  A phantom (D:4)
  A kobold brigand (D:7)
  6 bullfrogs
  6 scorpions
  A troll zombie (D:10)
  3 killer bees (D:10)
  4 hounds
  A jelly (D:7)
  3 orc priests
  A gnoll bouda (D:9)
  5 iguanas
  9 orc wizards
  6 ogre zombies (D:10)
  8 gnolls
  6 adders
  A white imp (D:7)
  An ufetubus (D:5)
  4 worms
  A dart slug (D:2)
  19 orcs
  6 bats
  6 endoplasms
  A giant cockroach (D:4)
  14 goblins
  7 hobgoblins
  A jackal (D:5)
  5 quokkas
  4 ball pythons
  5 frilled lizards
  A goblin skeleton (D:10)
  2 goblin zombies (D:10)
  A hobgoblin skeleton (D:10)
  3 hobgoblin zombies (D:10)
  16 kobolds
  An orc skeleton (D:10)
  17 orc zombies (D:10)
  5 rats (D:2)
  A spectral orc (D:5)
232 creatures vanquished.

Notes
Turn   | Place    | Note
-------+----------+-------------------------------------------
     0 | D:1      | tardwrangler69 the Ghoul Warper began the quest for the
                  | Orb.
     0 | D:1      | Reached XP level 1. HP: 17/17 MP: 2/2
   409 | D:1      | Reached XP level 2. HP: 23/25 MP: 3/3
   464 | D:1      | Reached skill level 3 in Unarmed Combat
   655 | D:1      | Found Ceaqier's Distillery.
   802 | D:1      | Reached XP level 3. HP: 20/30 MP: 4/4
  1282 | D:2      | Found the +4 robe of Augmentation {Str+4 Int+4 Dex+4}
  1472 | D:2      | Reached skill level 4 in Unarmed Combat
  1472 | D:2      | Reached XP level 4. HP: 20/38 MP: 5/5
  2264 | D:3      | Found a large runed translucent door.
  2265 | D:3      | Found a large runed translucent door.
  2386 | D:3      | Found a faded altar of an unknown god.
  2644 | D:3      | Reached XP level 5. HP: 44/45 MP: 6/6
  2864 | D:4      | Found Beam's Firing Range.
  2979 | D:4      | Noticed a black bear
  2981 | D:4      | Killed a black bear
  2982 | D:4      | Reached skill level 5 in Unarmed Combat
  3019 | D:4      | Bought 5 javelins for 56 gold pieces
  3334 | D:4      | Noticed a phantom
  3338 | D:4      | Killed a phantom
  3339 | D:4      | Reached XP level 6. HP: 53/53 MP: 7/7
  3396 | D:4      | Reached skill level 6 in Unarmed Combat
  3582 | D:4      | Noticed an ice beast
  3589 | D:4      | Killed an ice beast
  3590 | D:4      | Reached XP level 7. HP: 60/60 MP: 8/8
  3826 | D:5      | Entered Level 5 of the Dungeon
  3837 | D:5      | Reached skill level 5 in Fighting
  3837 | D:5      | Reached skill level 7 in Unarmed Combat
  4005 | D:5      | Reached skill level 8 in Unarmed Combat
  4244 | D:5      | Reached XP level 8. HP: 70/70 MP: 9/9
  4280 | D:5      | Found a shimmering blue altar of Sif Muna.
  4280 | D:5      | Found a hide-covered altar of Uskayaw.
  4403 | D:5      | Found an iron altar of Okawaru.
  4535 | D:5      | Found a transporter.
  4536 | D:5      | Found a transporter.
  4536 | D:5      | Noticed CougarLife's ghost (amateur MiFi)
  4583 | D:5      | Reached skill level 9 in Unarmed Combat
  4990 | D:5      | Found a basalt altar of Yredelemnul.
  5275 | D:6      | Found a staircase to the Ecumenical Temple.
  5300 | Temple   | Entered the Ecumenical Temple
  5453 | Temple   | Became a worshipper of Makhleb the Destroyer
  5565 | D:6      | Reached skill level 10 in Unarmed Combat
  5706 | D:6      | Reached XP level 9. HP: 74/79 MP: 10/10
  5879 | D:6      | Noticed Sigmund
  5890 | D:6      | Killed Sigmund
  5913 | D:6      | Noticed Edmund
  5920 | D:6      | Killed Edmund
  6249 | D:7      | Reached skill level 11 in Unarmed Combat
  7251 | D:7      | Noticed Maggie
  7269 | D:7      | Killed Maggie
  7819 | D:7      | Reached * piety under Makhleb
  8785 | D:8      | Found a sparkling altar of Nemelex Xobeh.
  8822 | D:8      | Reached XP level 10. HP: 53/90 MP: 14/14
  9102 | D:8      | Learned a level 2 spell: Blink
  9545 | D:8      | Reached skill level 5 in Translocations
 10191 | D:9      | Noticed a two-headed ogre
 10202 | D:9      | Killed a two-headed ogre
 10203 | D:9      | Reached skill level 5 in Spellcasting
 10211 | D:9      | Reached ** piety under Makhleb
 10860 | D:10     | Entered Level 10 of the Dungeon
 10915 | D:10     | Reached XP level 11. HP: 39/99 MP: 17/19
 10919 | D:10     | Learned a level 3 spell: Lesser Beckoning
 10923 | D:10     | Learned a level 3 spell: Teleport Other
 10929 | D:10     | Learned a level 5 spell: Manifold Assault
 11962 | D:10     | Noticed Fannar
 11990 | D:10     | Killed Fannar
 11991 | D:10     | Reached skill level 10 in Fighting
 12554 | D:10     | Reached *** piety under Makhleb
 12782 | D:10     | Found a staircase to the Orcish Mines.
 13157 | Orc:1    | Entered Level 1 of the Orcish Mines
 13161 | Orc:1    | Noticed Josephine
 13183 | D:10     | Slain by an orc warrior

Illustrated notes

Levels and vault maps discovered:
D:1:      beargit_arrival_greenhouse, layout_rooms, serial_shops,
          nicolae_shop_waterfront
D:2:      layout_loops_ring, minmay_misc_feat_diagonals, serial_bayou_lagoon_a,
          minmay_misc_feat_encased
D:3:      layout_basic, jmf_multi_god_temple2,
          shapermc_ecumenical_altar_starsandcircs
D:4:      layout_basic, grunt_decor_arrowhead, nicolae_shop_firing_range
D:5:      layout_basic, mainiacjoe_overflow_alcove_4,
          yredelemnul_forgotten_temple_becter, gammafunk_temple_overflow_wave,
          nicolae_overflow_squiral, gammafunk_ghost_hive,
          minmay_fractal_squares_5
D:6:      layout_cave_pools, temple_fountains, minmay_misc_feat_x, st_stairs_3,
          sigmund_edmund_badplayer
D:7:      layout_gridville, uniq_maggie
D:8:      layout_loops_ring, mainiacjoe_overflow_cross_hatched
D:9:      layout_roguey, minmay_unpleasant_kobolds
D:10:     layout_basic, mainiacjoe_overflow_boulevard, zombieorc2_lemuel,
          uniq_fannar
Temple:   nicolae_temple_bog_church
Orc:1:    layout_diamond_mine, uniq_josephine

Skill      XL: |  1  2  3  4  5  6  7  8  9 10 11 |
---------------+----------------------------------+-----
Unarmed Combat | 3 4 5 6 8 10 11 | 11.1
Fighting       | 3 4 5 7 8 9 10 | 10.2
Spellcasting   | 3 6 7 |  7.0
Translocations | 4 6 8 |  8.0
Throwing       | |  0.8
Armour         | |  0.8
Dodging        | |  1.7

Action                   |  1- 3 |  4- 6 |  7- 9 | 10-12 || total
-------------------------+-------+-------+-------+-------++-------
Melee: Unarmed           |   139 |   101 |   262 |   334 ||   836
       Punch             |       |     4 |    11 |    31 ||    46
 Fire: Sling             |       |    14 |       |       ||    14
Evoke: Wand              |       |     9 |     6 |    22 ||    37
  Use: Scroll            |       |       |     2 |     2 ||     4
 Stab: Sleeping          |       |     2 |     2 |       ||     4
Armor: Leather armour    |    42 |       |       |       ||    42
       Robe              |     8 |    31 |    82 |    63 ||   184
Dodge: Dodged            |    84 |    45 |   131 |   159 ||   419
